 Dungeon Crawl Stone Soup version 0.22-a0-824-g1ca9aab89c (webtiles) character file.

70 Arsonius the Digger (level 4, -1/30 HPs)
             Began as a Formicid Earth Elementalist on July 24, 2018.
             Was an Initiate of Fedhas.
             Slain by a ball python (2 damage)
             ... on level 3 of the Dungeon on Mar 23, 2020.
             The game lasted 00:18:41 (1833 turns).

Arsonius the Digger (Formicid Earth Elementalist)   Turns: 1833, Time: 00:18:43

Health: -1/30      AC:  2    Str: 12    XL:     4   Next: 44%
Magic:  9/9        EV:  9    Int: 16    God:    Fedhas [......]
Gold:   70         SH:  0    Dex: 11    Spells: 4/10 levels left

rFire    . . .     SeeInvis +   g - +2 mace (holy)
rCold    . . .     Gourm    .   (no shield)
rNeg     . . .     Faith    .   c - +0 robe
rPois    .         Spirit   .   (helmet unavailable)
rElec    .         Reflect  .   (no cloak)
rCorr    .         Harm     .   (no gloves)
MR       +....                  (no boots)
Stlth    ++........             (no amulet)
HPRegen  0.10/turn              j - ring of protection from magic
MPRegen  0.11/turn              (no ring)

@: constricted
A: permanent stasis, dig shafts and tunnels, four strong arms, antennae 3
a: Dig, Shaft Self, Fungal Bloom, Renounce Religion


You were on level 3 of the Dungeon.
You worshipped Fedhas.
Fedhas was noncommittal.
You were hungry.

You visited 1 branch of the dungeon, and saw 3 of its levels.

You collected 70 gold pieces.

Inventory:

Hand Weapons
 g - a +2 mace of holy wrath (weapon)
Missiles
 b - 133 stones (quivered)
 e - 42 arrows
 l - 44 sling bullets
 t - 25 bolts
 u - 4 poisoned needles
Armour
 c - a +0 robe (worn)
Jewellery
 f - a +6 ring of evasion {unknown}
 j - a ring of protection from magic (left hand)
Wands
 r - a wand of flame (19)
Scrolls
 a - 3 scrolls of teleportation
 n - 2 scrolls of enchant weapon {unknown}
 q - 2 scrolls of remove curse
 s - a scroll of magic mapping {unknown}
Potions
 i - a potion of cancellation
 k - 2 potions of resistance {unknown}
 m - 2 potions of agility {unknown}
 o - a potion of brilliance
 p - a potion of degeneration {unknown}
Comestibles
 d - 8 rations


   Skills:
 - Level 1.7 Dodging
 - Level 2.4 Stealth
 * Level 3.9 Spellcasting
 - Level 1.1 Transmutations
 + Level 4.4 Earth Magic


You had 4 spell levels left.
You knew the following spells:

 Your Spells              Type           Power        Failure   Level  Hunger
a - Sandblast             Erth           ###...       2%          1    None
b - Stone Arrow           Conj/Erth      ##....       21%         3    ###....
c - Passwall              Tmut/Erth      ##......     9%          2    ##.....

Your spell library contained the following spells:

 Spells                   Type           Power        Failure   Level  Hunger
 Lee's Rapid Deconstruct  Erth           ###.......   58%         5    ######.
 Petrify                  Tmut/Erth      ##......     47%         4    ####...


Dungeon Overview and Level Annotations

Branches:
Dungeon (3/15)

Altars:
Dithmenos
Fedhas


Innate Abilities, Weirdness & Mutations

You cannot be hasted, slowed, berserked, paralysed or teleported.
You can dig through walls and to a lower floor.
Your four strong arms can wield two-handed weapons with a shield.
You have a pair of large antennae on your head. (SInv)


Message History

The ball python constricts you. The ball python bites you.
* * * LOW HITPOINT WARNING * * *
The ball python constricts you.
You hear the rusting of a distant drain.
The ball python bites you but does no damage.
* * * LOW HITPOINT WARNING * * *
The ball python constricts you. The ball python bites you.
* * * LOW HITPOINT WARNING * * *
x2 The ball python constricts you.
The ball python bites you but does no damage.
The ball python constricts you. The ball python bites you.
* * * LOW HITPOINT WARNING * * *
The ball python constricts you. The ball python bites you.
Incompatible bones file: /crawl-master/crawl-git/saves/bones/bones.store.D-3 Clearing bad ghost permastore: /crawl-master/crawl-git/saves/bones/bones.store.D-3 You die...
Fedhas appreciates your contribution to the ecosystem.

#..#####..###
...##....## #.. .#
...)...### #.####.##
.#####.### ###.......##
.# #....##..........##
.# ####..#...........#
.###### #.#...........#
......# #.............#
#####.####.....S@......#
#......#.....>.....#
#####.............##
#..###.........#
#................#
...#####..........# ...#
#........... ...#
#........>.. .##
#...........


You could see a ball python.

Vanquished Creatures
  2 adders
  2 worms (D:2)
  A dart slug (D:1)
  3 leopard geckos
  3 orcs (D:3)
  A giant cockroach (D:2)
  3 hobgoblins
  2 jackals (D:1)
  3 kobolds
  6 bats
  A frilled lizard (D:3)
  8 goblins
  2 rats
37 creatures vanquished.

Vanquished Creatures (others)
  10 toadstools
10 creatures vanquished.

Grand Total: 47 creatures vanquished

Notes
Turn   | Place    | Note
-------+----------+-------------------------------------------
     0 | D:1      | Arsonius the Formicid Earth Elementalist began the quest for the Orb.
     0 | D:1      | Reached XP level 1. HP: 13/13 MP: 3/3
   213 | D:1      | Reached XP level 2. HP: 11/19 MP: 3/5
   572 | D:1      | Reached skill level 4 in Earth Magic
   764 | D:2      | Found a blossoming altar of Fedhas.
   774 | D:2      | Became a worshipper of Fedhas Madash
   784 | D:2      | Reached XP level 3. HP: 14/24 MP: 4/7
  1261 | D:2      | Learned a level 3 spell: Stone Arrow
  1264 | D:2      | Learned a level 2 spell: Passwall
  1584 | D:3      | Reached XP level 4. HP: 30/30 MP: 3/9
  1672 | D:3      | Found a shadowy altar of Dithmenos.
  1832 | D:3      | HP: 1/30 [ball python (2)]
  1833 | D:3      | Slain by a ball python

Vault maps used:
D:1:      nagdon_arrival_double_spiral, feat_on_display
D:2:      fedhas_altar_3
D:3:      cheibrodos_sewer_entry_bend, nicolae_dithmenos_shadow_blocks

Skill      XL: |  1  2 |
---------------+-------+-----
Earth Magic    | 4 |  4.4
Spellcasting   | 3 |  3.9
Dodging        | |  1.7
Stealth        | |  2.4
Transmutations | |  1.1

Action                   |  1- 3 |  4- 6 || total
-------------------------+-------+-------++-------
Melee: Unarmed           |     9 |       ||     9
       Mace              |    58 |    21 ||    79
 Cast: Sandblast         |     5 |     3 ||     8
       Stone Arrow       |     3 |     2 ||     5
Invok: Fungal Bloom      |     2 |     3 ||     5
  Use: Scroll            |     5 |       ||     5
 Stab: Sleeping          |     5 |       ||     5
  Eat: Chunk             |     3 |       ||     3
Armor: Robe              |    16 |    15 ||    31
Dodge: Dodged            |    44 |    28 ||    72

Table legend:
 A = Spawn XP
 B = Non-spawn XP
 C = Spawn XP percentage of total XP
 D = Spawn monster count
 E = Non-spawn monster count
 F = Spawn count percentage of total count
 G = Total turns spent on level
                    A         B        C        D         E        F      G
               +---------+---------+-------+---------+---------+-------+---------
         Total |       0 |     100 |   0.0 |       0 |      37 |   0.0 |  1833
               +---------+---------+-------+---------+---------+-------+---------
           D:1 |       0 |      26 |   0.0 |       0 |      14 |   0.0 |   764
           D:2 |       0 |      38 |   0.0 |       0 |      12 |   0.0 |   772
           D:3 |       0 |      36 |   0.0 |       0 |      11 |   0.0 |   297
               +---------+---------+-------+---------+---------+-------+---------
